 Dungeon Crawl Stone Soup version 0.23.1-37-gaa34b87 (webtiles) character file.

Game seed: 10290055917342708745

2986 Fang the Fighter (level 9, -1/88 HPs)
             Began as a Gargoyle Berserker on Mar 21, 2019.
             Was a Priest of Trog.
             Slain by a phantom (4 damage)
             ... on level 8 of the Dungeon.
             The game lasted 00:08:57 (5919 turns).

Fang the Fighter (Gargoyle Berserker)               Turns: 5919, Time: 00:08:58

Health: -1/88      AC: 21    Str: 28    XL:     9   Next: 83%
Magic:  9/9        EV: 10    Int:  9    God:    Trog [***...]
Gold:   471        SH:  0    Dex:  9    Spells: 8/8 levels left

rFire    . . .     SeeInvis .   A - +3 war axe (elec)
rCold    + . .     Gourm    +   (no shield)
rNeg     + + .     Faith    .   e - +2 plate armour
rPois    ∞         Spirit   .   (no helmet)
rElec    +         Reflect  .   (no cloak)
rCorr    .         Harm     .   (no gloves)
MR       .....                  (no boots)
Stlth    ..........             a - amulet of the gourmand
HPRegen  0.24/turn              F - ring "Heghom" {Ice rN+}
MPRegen  0.11/turn              j - ring of protection from fire

@: berserking, slowed
A: negative energy resistance 1, electricity resistance, unbreathing,
petrification resistance, rot immunity, AC +6
a: Berserk, Trog's Hand, Renounce Religion


You were on level 8 of the Dungeon.
You worshipped Trog.
Trog was most pleased with you.
You were very full.

You visited 2 branches of the dungeon, and saw 9 of its levels.

You collected 471 gold pieces.

Inventory:

Hand Weapons
 p - a +2 war axe
 A - a +3 war axe of electrocution (weapon)
Armour
 e - a +2 plate armour (worn)
Jewellery
 a - an amulet of the gourmand (around neck)
 i - an uncursed ring of positive energy
 j - a ring of protection from fire (right hand)
 F - the ring "Heghom" (left hand) {Ice rN+}
   (You found it on level 6 of the Dungeon)

   [ring of ice]

   It enhances your ice magic.
   It makes you vulnerable to fire.
   It protects you from cold.
   It protects you from negative energy.
Wands
 h - a wand of disintegration (12)
 u - a wand of iceblast (5)
Scrolls
 l - a scroll of fear
 m - 5 scrolls of remove curse
 n - 10 scrolls of teleportation
 r - 2 scrolls of blinking
 t - a scroll of magic mapping
Potions
 b - a potion of flight
 d - 2 potions of resistance {unknown}
 g - a potion of invisibility {unknown}
 o - 4 potions of curing
 q - 2 potions of ambrosia
 s - 2 potions of might
 w - a potion of agility {unknown}
 x - 3 potions of brilliance {unknown}
 z - a potion of cancellation {unknown}
 B - 2 potions of lignification
 C - a potion of mutation {unknown}
 D - a potion of berserk rage {unknown}
Comestibles
 c - 15 rations
 f - 21 chunks of flesh


   Skills:
 + Level 8.1 Fighting
 + Level 6.6 Axes
 + Level 7.6 Armour
 + Level 5.7 Dodging


You had 8 spell levels left.
You didn't know any spells.
Your spell library was empty.

Dungeon Overview and Level Annotations

Branches:
Dungeon (8/15)             Temple (1/1) D:6
   Lair: D:8-11

Altars:
Cheibriados
Hepliaklqana
Nemelex Xobeh
Trog
Xom

Shops:
D:5 (   D:8 %

Annotations:
D:8 Psyche


Innate Abilities, Weirdness & Mutations

You are resistant to torment.
Your stone body is resilient. (AC +6)
You are immune to poison.
You resist negative energy. (rN+)
You are resistant to electric shocks. (rElec)
You can survive without breathing.
You are immune to petrification.
You are immune to rotting.


Message History

Your plate armour prevents you from hitting the centaur.
You closely miss the phantom.
Psyche zaps a wand.
You are blasted!
* * * LOW HITPOINT WARNING * * *
The centaur unwields a +0 shortbow.
The centaur hits you but does no damage.
Psyche hits you with a +4 dagger of chaos.
* * * LOW HITPOINT WARNING * * *
The centaur hits you but does no damage.
The phantom hits you but does no damage.
You slash Psyche!
Psyche is almost dead.
You closely miss the phantom. You barely miss the centaur.
Your plate armour prevents you from hitting the phantom.
Psyche hits you but does no damage. Space warps horribly around you!!
* * * LOW HITPOINT WARNING * * *
The centaur hits you but does no damage.
Psyche points at you and mumbles some strange words.
The magic dart hits you but does no damage.
The phantom hits you.
You die...

#....#### ### ###......#
###.######........#
#.#.##.#..........#
###..................
#.........#.........#
####.%......#.........#
##....W@#...............
......(@................
.......cW..##........##.
...........##........###
..........## ........
#....##.#.# ...... #..##
..##. ..... # ... ..##
.. . .. ... ...


You could see Psyche, 2 phantoms and a centaur.

Vanquished Creatures
  A hungry ghost (D:7)
  A water moccasin (D:6)
  3 sky beasts
  An ice beast (D:5)
  2 orc warriors (D:6)
  A necrophage (D:7)
  2 ogres
  3 centaurs
  A big kobold (D:8)
  A gnoll sergeant (D:8)
  3 bullfrogs (D:7)
  A wyvern zombie (D:8)
  2 scorpions (D:6)
  2 howler monkeys (D:8)
  A quasit (D:4)
  3 jellies
  3 orc priests
  A bullfrog skeleton (D:4)
  2 hounds
  7 orc wizards
  A centaur skeleton (D:8)
  Crazy Yiuf (D:5)
  6 worker ants
  A hound skeleton (D:5)
  A worker ant zombie (D:7)
  14 gnolls
  7 adders
  2 shadow imps
  An ooze (D:3)
  An adder skeleton (D:5)
  3 worms
  3 dart slugs
  7 leopard geckos
  27 orcs
  A ball python (D:4)
  5 bats
  3 giant cockroaches
  8 goblins
  9 hobgoblins
  8 jackals
  12 kobolds
  3 quokkas
  6 frilled lizards
  2 rats
  A plant (D:3)
174 creatures vanquished.

Vanquished Creatures (collateral kills)
  A bullfrog (D:6)
1 creature vanquished.

Grand Total: 175 creatures vanquished

Notes
Turn   | Place    | Note
-------+----------+-------------------------------------------
     0 | D:1      | Fang the Gargoyle Berserker began the quest for the Orb.
     0 | D:1      | Reached XP level 1. HP: 14/14 MP: 1/1
   252 | D:1      | Reached XP level 2. HP: 13/19 MP: 2/2
   666 | D:1      | Reached XP level 3. HP: 21/23 MP: 3/3
   966 | D:2      | Reached ** piety under Trog
   966 | D:2      | Reached XP level 4. HP: 9/29 MP: 4/4
  1294 | D:2      | Reached skill level 4 in Fighting
  1642 | D:2      | Found a sparkling altar of Nemelex Xobeh.
  1645 | D:2      | Found a hazy altar of Hepliaklqana.
  1649 | D:2      | Found a bloodstained altar of Trog.
  2049 | D:3      | Reached XP level 5. HP: 28/33 MP: 5/5
  2172 | D:3      | Reached *** piety under Trog
  2843 | D:4      | Reached XP level 6. HP: 28/39 MP: 6/6
  2983 | D:4      | Found a snail-covered altar of Cheibriados.
  3380 | D:5      | Entered Level 5 of the Dungeon
  3436 | D:5      | Found a snail-covered altar of Cheibriados.
  3447 | D:5      | Found Vonuamm's Antique Weapon Emporium.
  3503 | D:5      | Reached skill level 5 in Fighting
  3513 | D:5      | Reached XP level 7. HP: 25/44 MP: 7/7
  3849 | D:5      | Found a runed translucent door.
  3850 | D:5      | Noticed Crazy Yiuf
  3968 | D:5      | Killed Crazy Yiuf
  4011 | D:6      | Reached skill level 5 in Armour
  4011 | D:6      | Reached **** piety under Trog
  4014 | D:6      | Reached XP level 8. HP: 31/51 MP: 8/8
  4175 | D:6      | Reached skill level 6 in Fighting
  4192 | D:6      | Reached skill level 5 in Axes
  4252 | D:6      | Got a twitching glass ring
  4300 | D:6      | Identified the ring "Heghom" {Ice rN+} (You found it on
                  | level 6 of the Dungeon)
  4524 | D:6      | Found a staircase to the Ecumenical Temple.
  4551 | Temple   | Entered the Ecumenical Temple
  4958 | D:7      | Reached skill level 7 in Fighting
  4958 | D:7      | Reached XP level 9. HP: 57/57 MP: 9/9
  4970 | D:7      | Paralysed by fainting for 8 turns
  4987 | D:7      | Reached skill level 5 in Dodging
  4987 | D:7      | Paralysed by fainting for 11 turns
  5671 | D:8      | Found Rownax's Food Shop.
  5721 | D:8      | Received a gift from Trog
  5771 | D:8      | Reached skill level 8 in Fighting
  5901 | D:8      | Noticed Psyche
  5919 | D:8      | HP: 3/88 [Psyche/+4 dagger of chaos (22)]
  5919 | D:8      | Slain by a phantom

Skill      XL: |  1  2  3  4  5  6  7  8  9 |
---------------+----------------------------+-----
Axes           | 3 4 5 6 |  6.6
Dodging        | 2 3 4 5 |  5.7
Armour         | 3 4 5 6 7 |  7.6
Fighting       | 4 5 7 8 |  8.1

Action                   |  1- 3 |  4- 6 |  7- 9 || total
-------------------------+-------+-------+-------++-------
Melee: Hand axe          |    78 |   159 |    37 ||   274
       War axe           |       |    12 |   244 ||   256
Invok: Berserk           |     1 |       |     2 ||     3
  Use: Scroll            |       |       |    21 ||    21
       Potion            |       |       |     1 ||     1
  Eat: Chunk             |       |    28 |    20 ||    48
       Ration            |       |       |     1 ||     1
Armor: Animal skin       |     7 |       |       ||     7
       Plate armour      |    60 |   154 |   239 ||   453
Dodge: Dodged            |    36 |    70 |   112 ||   218
